Map: New Gettysburg LE

Players

Argeus

  • Race: Zerg Zerg

enable

  • Race: Zerg Zerg
  • League: Platinum

DGS

  • Race: Terran Terran

StaRLooorD

  • Race: Terran Terran
  • League: Diamond

VOD

Have the link to the VOD?

Description

Time

  • Played on: July 17, 2016, 8:28 a.m.
  • Length: 10:58
Show
View Real Time Build Order
Export as new Build Order

Argeus Zerg 

Build Orders: Pool First 

Get SALT Encoding   

  12  0:01  Drone  
  13  0:13  Overlord  
  13  0:18  Drone  
  14  0:31  Drone x2  
  14  0:35  Drone  
  17  0:44  Extractor  
  16  0:51  Drone, Spawning Pool  
  16  0:56  Drone  
  17  1:09  Drone  
  18  1:25  Overlord  
  18  1:40  Hatchery  
  17  1:48  Metabolic Boost  
  17  1:49  Zergling x2  
  17  1:50  Zergling x2  
  19  2:00  Queen  
  20  2:05  Drone  
  21  2:13  Drone x2  
  23  2:30  Drone  
  24  2:40  Queen  
  26  2:52  Queen  
  29  2:58  Drone x2  
  29  3:00  Hatchery  
  28  3:06  Drone  
  28  3:07  Drone  
  28  3:11  Overlord  
  30  3:21  Drone  
  30  3:22  Drone x3  
  34  3:33  Overlord  
  34  3:43  Zergling x2  
  35  3:51  Queen  
  35  3:54  Zergling x2  
  35  3:55  Zergling x10  
  43  4:04  Drone  
  43  4:05  Overlord x2  
  44  4:19  Drone  
  44  4:20  Drone x3  
  44  4:23  Extractor  
  46  4:39  Queen  
  46  4:40  Drone  
  46  4:41  Drone x8  
  55  4:48  Evolution Chamber  
  55  4:50  Drone x2, Extractor, Evolution Chamber  
  54  4:54  Overlord  
  54  5:02  Roach Warren  
  54  5:03  Spore Crawler  
  48  5:10  Spore Crawler  
  48  5:13  Spore Crawler  
  44  5:24  Zergling x10  
  31  5:38  Zergling x2  
  31  5:39  Zergling x2  
  24  5:56  Drone  
  25  6:15  Drone  
  25  6:16  Drone x2  
  28  6:23  Drone  
  27  6:29  Drone  
  26  6:36  Drone  
  22  6:49  Drone  
  22  6:50  Drone  
  24  6:57  Drone  
  24  7:00  Drone  
  26  7:02  Drone  
  26  7:07  Drone  
  23  7:33  Drone  
  23  7:34  Drone x5  
  24  7:52  Drone  
  24  7:53  Drone x3  
  28  8:00  Drone x3  
  28  8:04  Drone  
  31  8:09  Drone  
  31  8:10  Drone  
  33  8:13  Drone  
  33  8:16  Drone  
  33  8:18  Drone  
  36  8:21  Drone  
  37  8:28  Drone x2  
  37  8:29  Drone  
  37  8:30  Drone  
  41  8:40  Queen  
  43  8:47  Zergling x2  
  43  8:48  Zergling x10  
  49  8:53  Zergling x6  
  49  8:54  Zergling x2  
  53  8:57  Zergling x4  
  53  9:01  Zergling x2  
  53  9:02  Zergling x4  
  57  9:09  Zergling x2  
  58  9:16  Overlord x2  
  40  9:44  Zergling x2  
  40  9:45  Zergling x20  
  50  9:46  Queen  
  50  9:51  Queen  
  36  10:23  Drone x3  
  36  10:27  Drone x3  
  42  10:36  Spine Crawler  
  42  10:38  Spine Crawler  
  42  10:40  Spine Crawler  
Show
View Real Time Build Order
Export as new Build Order

enable Zerg 

Build Orders:  

Get SALT Encoding   

  12  0:01  SCV  
  13  0:13  SCV  
  14  0:18  Supply Depot  
  14  0:25  SCV  
  15  0:40  SCV, Barracks  
  16  0:46  Refinery  
  16  0:52  SCV  
  17  1:04  SCV  
  18  1:16  SCV  
  19  1:29  Marine, Orbital Command  
  20  1:32  Supply Depot  
  20  1:47  Marine  
  20  1:49  Factory  
  21  1:55  SCV  
  22  2:05  Barracks Reactor  
  22  2:07  SCV  
  23  2:19  SCV  
  24  2:24  Command Center  
  24  2:31  SCV  
  25  2:46  Starport  
  25  2:49  Hellion x2, Refinery  
  28  2:52  Marine  
  28  2:58  SCV  
  30  3:10  SCV  
  31  3:16  Supply Depot  
  31  3:22  Starport Tech Lab  
  31  3:29  Supply Depot  
  31  3:38  SCV, Hellion x2  
  36  3:42  Banshee  
  36  3:45  Cloaking Field  
  39  3:49  Barracks Tech Lab  
  39  3:51  SCV  
  40  3:59  Orbital Command  
  40  4:03  SCV  
  40  4:06  Hellion  
  43  4:10  Hellion  
  45  4:19  Factory  
  45  4:28  SCV x2  
  47  4:36  Hellion  
  48  4:39  Hellion  
  48  4:40  SCV x2  
  52  4:45  Refinery  
  52  4:47  Refinery  
  52  4:52  SCV, Banshee  
  53  4:56  SCV  
  57  5:04  SCV  
  57  5:05  Supply Depot  
  58  5:08  Siege Tank, SCV  
  62  5:21  Supply Depot  
  62  5:25  SCV x2  
  62  5:28  Supply Depot  
  54  5:37  SCV x2  
  54  5:40  Factory  
  54  5:42  Cyclone  
  60  5:43  Starport Reactor  
  60  5:45  Hellion  
  60  5:47  Hellion  
  60  5:49  SCV x2  
  60  5:57  Engineering Bay  
  60  6:01  SCV x2  
  62  6:05  Supply Depot  
  62  6:07  Hellion  
  62  6:09  Hellion  
  65  6:13  SCV x2  
  65  6:14  Liberator  
  67  6:22  Supply Depot  
  67  6:24  Supply Depot  
  67  6:29  Supply Depot, Viking  
  72  6:33  SCV  
  72  6:38  SCV  
  74  6:46  Missile Turret  
  74  6:50  Missile Turret  
  74  6:57  SCV x2  
  74  7:00  Cyclone  
  80  7:03  Command Center  
  80  7:04  Cyclone  
  84  7:09  SCV x2  
  84  7:10  Medivac  
  84  7:14  Viking  
  90  7:22  Armory  
  88  7:25  Armory  
  88  7:26  SCV x2  
  90  7:31  Hellion  
  90  7:33  Hellion  
  94  7:38  SCV x2  
  94  7:43  Liberator  
  94  7:49  Siege Tank, Cyclone  
  96  7:51  Mag-Field Accelerator  
  96  7:57  Viking  
  96  8:01  SCV  
  96  8:03  SCV  
  101  8:08  Hellion  
  101  8:09  Hellion  
  102  8:13  Terran Vehicle Weapons Level 1  
  102  8:16  Terran Vehicle And Ship Armor Level 1  
  102  8:20  Orbital Command  
  102  8:21  Cyclone  
  102  8:24  Refinery  
  102  8:25  Refinery  
  106  8:28  Missile Turret  
  106  8:29  SCV  
  106  8:30  SCV, Liberator  
  106  8:33  Liberator  
  108  8:35  Cyclone  
  108  8:38  Hellion  
  114  8:41  SCV, Hellion  
  120  8:53  Hellion  
  120  8:54  SCV x2  
  127  9:09  Hellion x2  
  131  9:18  Liberator  
  131  9:21  Supply Depot  
  131  9:22  Supply Depot  
  131  9:23  Supply Depot  
  131  9:30  Medivac  
  133  9:35  Command Center  
  132  9:41  Hellion x2  
  132  9:43  Siege Tank x2  
  134  9:47  Supply Depot  
  134  10:05  Command Center  
  134  10:07  Factory, Starport  
  127  10:15  Cyclone x2  
  127  10:19  Hellion  
  133  10:22  Hellion  
Show
View Real Time Build Order
Export as new Build Order

DGS Terran 

Build Orders:  

Get SALT Encoding   

Show
View Real Time Build Order
Export as new Build Order

StaRLooorD Terran 

Build Orders:  

Get SALT Encoding   

Tags
 
Add a new tag
Caveats
  • Supply blocks, unpowered buildings, or Contaminate may cause inaccurate times.
  • Supply counts are checked every 10 seconds.